 Dungeon Crawl Stone Soup version 0.27-a0-1312-g5cdb2b3542 (webtiles) character file.

Game seed: 10957824400101996891

16814 Zonian the Destroyer (level 12, -15/73 HPs)
             Began as a Tengu Conjurer on June 19, 2021.
             Was a Priest of Vehumet.
             Demolished by Snorg (23 damage)
             ... on level 2 of the Lair of Beasts.
             The game lasted 00:49:29 (26545 turns).

Zonian the Destroyer (Tengu Conjurer)              Turns: 26545, Time: 00:49:30

Health: -15/73     AC:  8    Str:  8    XL:     12   Next: 41%
Magic:  14/24      EV: 19    Int: 23    God:    Vehumet [***...]
Gold:   591        SH:  0    Dex: 13    Spells: 3/26 levels left

rFire    + . .     SeeInvis .   v - staff of conjuration
rCold    + . .     Faith    .   (no shield)
rNeg     . . .     Spirit   .   F - +2 robe {rC+}
rPois    .         Reflect  .   B - +1 hat
rElec    .         Harm     .   j - +2 cloak
rCorr    .         Rampage  .   (no gloves)
Will     .....                  (boots unavailable)
Stlth    ++++......             (no amulet)
HPRegen  0.22/turn              A - ring of protection from cold
MPRegen  0.19/turn              q - ring of fire

@: flying quickly and evasively, quick
A: beak, talons 3, nimble flight
a: Renounce Religion


You were on level 2 of the Lair of Beasts.
You worshipped Vehumet.
Vehumet was most pleased with you.
You visited 3 branches of the dungeon, and saw 13 of its levels.

You collected 591 gold pieces.

Inventory:

Hand Weapons
 e - a +2 antimagic dagger
 f - a +1 dagger
 k - a +0 falchion
 p - a +1 flail of protection
 r - a +0 halberd of flaming
 s - a +4 vorpal spear
 w - a +2 halberd
 x - the +7 short sword of an ossuary {vorpal, Dex+5}
   (You found it on level 7 of the Dungeon)

   It inflicts extra damage upon your enemies.
   It affects your dexterity (+5).
 C - a +5 falchion of flaming
 D - a +2 short sword of freezing
Missiles
 n - 46 poisoned darts
 y - 14 boomerangs of dispersal
 P - 2 curare-tipped darts
Armour
 a - a +1 robe
 j - a +2 cloak (worn)
 l - a +0 leather armour
 z - a +0 robe of fire resistance
 B - a +1 hat (worn)
 F - a +2 robe of cold resistance (worn)
 M - the +2 leather armour of the Catfish {rElec Str+5}
   (You found it on level 2 of the Lair of Beasts)

   It affects your strength (+5).
   It insulates you from electricity.
Magical Staves
 v - a staff of conjuration (weapon)
Jewellery
 q - a ring of fire (right hand)
 A - a ring of protection from cold (left hand)
 Q - a ring of ice
Wands
 m - a wand of flame (27)
 G - a wand of paralysis (10)
Scrolls
 b - a scroll of enchant weapon
 c - 3 scrolls of vulnerability
 t - 2 scrolls of magic mapping
 K - 2 scrolls of teleportation
 L - a scroll of identify
 N - a scroll of fog
Potions
 g - a potion of cancellation
 h - 2 potions of ambrosia
 i - 3 potions of mutation
 o - 2 potions of curing
 u - a potion of might
 E - a potion of flight
 H - a potion of berserk rage
 I - 3 potions of brilliance
 J - a potion of resistance
Miscellaneous
 O - a box of beasts


   Skills:
 + Level 7.8 Fighting
 - Level 3.0 Throwing
 + Level 9.1 Dodging
 + Level 8.9 Stealth
 + Level 7.8 Spellcasting
 + Level 12.2 Conjurations
 - Level 3.0 Hexes
 - Level 5.0 Translocations
 + Level 3.4 Air Magic


You had 3 spell levels left.
You knew the following spells:

 Your Spells              Type           Power      Damage    Failure   Level
a - Magic Dart            Conj           100%       1d8       1%          1
b - Searing Ray           Conj           100%       3d7       1%          2
c - Iskenderun's Mystic   Conj/Tloc      64%        2d13      1%          4
d - Dazzling Flash        Conj/Hex       100%       N/A       1%          3
e - Fulminant Prism       Conj/Hex       30%        3d16      1%          4
f - Lightning Bolt        Conj/Air       30%        1d47      2%          5
g - Airstrike             Air            12%        N/A       4%          4

Your spell library contained the following spells:

 Spells                   Type           Power      Damage    Failure   Level
 Inner Flame              Hex/Fire       23%        N/A       3%          3
 Apportation              Tloc           62%        N/A       1%          1
 Corona                   Hex            24%        N/A       1%          1
 Foxfire                  Conj/Fire      100%       2x1d9     1%          1
 Shock                    Conj/Air       100%       1d9       1%          1
 Static Discharge         Conj/Air       61%        N/A       1%          2
 Conjure Flame            Conj/Fire      70%        6-21      1%          3
 Swiftness                Air            25%        N/A       4%          3
 Animate Skeleton         Necr           16%        N/A       7%          1
 Summon Small Mammal      Summ           32%        N/A       7%          1
 Sticky Flame             Conj/Fire      70%        2d8       1%          4
 Fireball                 Conj/Fire      35%        3d15      4%          5


Dungeon Overview and Level Annotations

Branches:
Dungeon (9/15)             Temple (1/1) D:5            Lair (3/6) D:9
    Orc (0/2) D:9
  Swamp: Lair:2-4    Shoals: Lair:2-4     Snake: Lair:2-4    Spider: Lair:2-4

Altars:
Ashenzari
Cheibriados
Elyvilon
Fedhas
Hepliaklqana
Kikubaaqudgha
Makhleb
Nemelex Xobeh
Okawaru
Qazlal
Ru
Sif Muna
Trog
Uskayaw
Vehumet
Wu Jian
Zin
The Shining One

Shops:
D:7 ?

Annotations:
D:3 2 transporters
D:9 Erolcha
Lair:2 Snorg
Lair:3 Rupert


Innate Abilities, Weirdness & Mutations

You have a beak for a mouth.
You have claws for feet.
Your magical nature lets you fly swiftly and evasively.


Message History

Snorg is knocked back by the mystic blast.
The wolf howls!
You hear a howl!
A wolf comes into view.
Snorg misses you. Snorg claws you. Snorg closely misses you.
Snorg goes berserk!
You hear a howl!
You hear a howl!
You hear a howl!
A wolf comes into view.
The wolf bites you.
Snorg rages.
The wolf completely misses you. Snorg completely misses you. Snorg claws you.
Snorg claws you! The wolf misses you. Snorg barely misses you.
Snorg closely misses you. Snorg barely misses you.
Things that are here:
a yak corpse; a yak corpse
There is a stone staircase leading up here.
The wolf bites you but does no damage. Snorg barely misses you.
Snorg closely misses you. Snorg claws you! The wolf bites you.
You fly upwards.
There is a stone staircase leading down here.
Casting: Iskenderun's Mystic Blast (mildly dangerous; 1% risk of failure)
Confirm with . or Enter, or press ? or * to list all spells.
You feel a surge of power!
You erupt in a blast of force!
The mystic blast hits Snorg!
Snorg is lightly wounded.
Snorg is knocked back by the mystic blast.
Snorg slams into the rock wall!
The mystic blast hits the wolf!!
The wolf is almost dead.
The wolf is knocked back by the mystic blast.
Snorg closely misses you. Snorg claws you! x2
* * * LOW HITPOINT WARNING * * *
You feel much better. Snorg bites you but does no damage. Snorg misses you.
Snorg claws you!!
* * * LOW HITPOINT WARNING * * *
Snorg closely misses you. Snorg completely misses you. x2
Okay, then.
Snorg bites you!!
You die...

PP#..##.#....###.######.###....#.
.................................
.................................
.................................
♣♣..#.##.######..######.#.##.....
≈≈♣.################ ########...
..≈..####....##.##.####..###.....
≈..≈♣............................
.≈.≈............@>h..............
..≈.≈............T...............
.≈=.....##..####.###.P....###....
≈≈≈..♣..##### ### ###....# ###.#
...≈≈..#.##### #####...######.#
≈.≈≈≈.....##.#####..##..<.#.#..##
≈≈.≈.♣...........................
≈.≈.♣............................
.≈≈..........[...................


You could see Snorg (berserk) and a wolf.

Vanquished Creatures
  A hydra (Lair:2)
  2 two-headed ogres (D:9)
  Sonja (Lair:3)
  Pikel (D:8)
  A lindwurm (Lair:1)
  A wizard (D:9)
  A deep elf pyromancer (D:9)
  An ugly thing (D:9)
  2 cane toads
  2 komodo dragons
  Grinder (D:5)
  A dream sheep (Lair:1)
  Prince Ribbit (D:5)
  Sigmund (D:5)
  3 wyverns
  27 yaks
  2 basilisks
  A vampire mosquito (D:9)
  Edmund (D:4)
  5 water moccasins
  An acid dragon (D:9)
  Duvessa (D:5)
  3 sky beasts
  3 black bears
  2 ice beasts
  4 necrophages (D:7)
  4 ogres
  A centaur (D:7)
  A lemure (D:8)
  2 kobold brigands
  8 bullfrogs
  A gnoll sergeant (D:6)
  3 scorpions
  A wyvern zombie (D:6)
  Dowan (D:5)
  7 wights
  14 killer bees
  3 howler monkeys (D:9)
  2 electric eels (Lair:2)
  2 bullfrog zombies
  4 centaur zombies
  2 bullfrog skeletons
  3 hounds
  2 jellies
  5 orc priests
  A centaur skeleton (D:7)
  5 iguanas
  A hell rat (D:8)
  8 orc wizards
  2 killer bee zombies (D:7)
  A hound skeleton (D:5)
  A mummy (D:7)
  A howler monkey zombie (D:7)
  9 gnolls
  5 adders
  A river rat (D:9)
  2 white imps
  An adder skeleton (D:4)
  2 worms
  3 dart slugs
  21 orcs
  3 bats
  6 endoplasms
  3 giant cockroaches
  6 goblins
  3 hobgoblins
  6 jackals
  10 kobolds
  2 quokkas
  4 ball pythons
  3 frilled lizards
  7 rats
253 creatures vanquished.

Vanquished Creatures (others)
  2 fulminant prisms (Lair:2)
  4 fungi (Lair:1)
  A plant (Lair:2)
7 creatures vanquished.

Grand Total: 260 creatures vanquished

Notes
Turn   | Place    | Note
-------+----------+-------------------------------------------
     0 | D:1      | Zonian the Tengu Conjurer began the quest for the Orb.
     0 | D:1      | Reached XP level 1. HP: 10/10 MP: 4/4
   398 | D:1      | Found a faded altar of an unknown god.
   457 | D:1      | Reached XP level 2. HP: 15/15 MP: 4/6
   547 | D:1      | Reached skill level 6 in Conjurations
   704 | D:1      | Reached XP level 3. HP: 19/19 MP: 2/7
   948 | D:2      | Found an ornate altar of the Wu Jian Council.
  1191 | D:2      | Noticed a scorpion
  1196 | D:2      | Killed a scorpion
  1197 | D:2      | Reached skill level 7 in Conjurations
  1197 | D:2      | Reached XP level 4. HP: 16/24 MP: 2/8
  1495 | D:2      | Learned a level 2 spell: Searing Ray
  1500 | D:2      | Learned a level 4 spell: Iskenderun's Mystic Blast
  2185 | D:3      | Found a transporter.
  2190 | D:3      | Found a transporter.
  2240 | D:3      | Gained mutation: Your magical nature lets you fly swiftly
                  | and evasively. [Tengu growth]
  2240 | D:3      | Reached XP level 5. HP: 28/28 MP: 6/9
  3450 | D:4      | Noticed an ogre
  3456 | D:4      | Killed an ogre
  3457 | D:4      | Reached skill level 1 in Fighting
  3457 | D:4      | Reached skill level 1 in Translocations
  3457 | D:4      | Reached XP level 6. HP: 34/34 MP: 2/11
  4056 | D:4      | Noticed Edmund
  5371 | D:4      | Killed Edmund
  5372 | D:4      | Reached XP level 7. HP: 13/40 MP: 0/12
  5700 | D:4      | Reached skill level 8 in Conjurations
  5971 | D:5      | Entered Level 5 of the Dungeon
  6144 | D:5      | Found an iron altar of Okawaru.
  6182 | D:5      | Reached XP level 8. HP: 45/45 MP: 5/14
  7101 | D:5      | Learned a level 3 spell: Dazzling Flash
  7727 | D:5      | Noticed Dowan
  7763 | D:5      | Killed Dowan
  7884 | D:5      | Noticed Sigmund
  7889 | D:5      | Killed Sigmund
  7890 | D:5      | Reached skill level 1 in Hexes
  8050 | D:5      | Found a staircase to the Ecumenical Temple.
  8053 | D:5      | Noticed Grinder
  8059 | D:5      | Paralysed by Grinder for 6 turns
  8384 | D:5      | Killed Grinder
  8671 | D:5      | Noticed Prince Ribbit
  8686 | D:5      | Killed Prince Ribbit
  8687 | D:5      | Reached skill level 5 in Dodging
  8687 | D:5      | Reached skill level 5 in Stealth
  8687 | D:5      | Reached skill level 9 in Conjurations
  8687 | D:5      | Reached XP level 9. HP: 35/52 MP: 10/16
  8709 | Temple   | Entered the Ecumenical Temple
  8828 | Temple   | Became a worshipper of Vehumet
  9213 | D:5      | Noticed Duvessa
  9229 | D:5      | Killed Duvessa
 10823 | D:6      | Found an ornate altar of the Wu Jian Council.
 10911 | D:6      | Reached skill level 5 in Spellcasting
 11470 | D:6      | Found a hide-covered altar of Uskayaw.
 11659 | D:6      | Found a burning altar of Makhleb.
 11659 | D:6      | Found a glowing golden altar of the Shining One.
 11965 | D:7      | Reached * piety under Vehumet
 11965 | D:7      | Offered knowledge of Freeze by Vehumet.
 12207 | D:7      | Found Xuneent's Magic Scroll Boutique.
 12534 | D:7      | Reached skill level 5 in Fighting
 12611 | D:7      | Reached XP level 10. HP: 59/59 MP: 12/19
 12783 | D:7      | Reached skill level 10 in Conjurations
 13240 | D:7      | Identified the +7 short sword of an ossuary {vorpal, Dex+5}
 14845 | D:8      | Offered knowledge of Poisonous Vapours by Vehumet.
 14847 | D:8      | Reached ** piety under Vehumet
 16245 | D:8      | Noticed Pikel
 16261 | D:8      | Killed Pikel
 16262 | D:8      | Reached skill level 1 in Throwing
 16756 | D:9      | Noticed a two-headed ogre
 17216 | D:9      | Noticed Erolcha
 17260 | D:9      | Noticed a wizard
 17553 | D:9      | Identified a scroll of acquirement
 17553 | D:9      | Acquired a staff of conjuration
 17561 | D:9      | Noticed a two-headed ogre
 17561 | D:9      | Noticed a purple ugly thing
 17571 | D:9      | Killed a two-headed ogre
 17577 | D:9      | Killed a purple ugly thing
 17952 | D:9      | Reached XP level 11. HP: 61/64 MP: 14/21
 18029 | D:9      | Found a staircase to the Lair.
 18042 | D:9      | Killed a two-headed ogre
 18043 | D:9      | Reached skill level 11 in Conjurations
 18043 | D:9      | Noticed a death yak
 18043 | D:9      | Noticed a death yak
 18043 | D:9      | Noticed a death yak
 18091 | D:9      | Found a white marble altar of Elyvilon.
 18454 | D:9      | Killed a wizard
 18841 | D:9      | Found a staircase to the Orcish Mines.
 18859 | D:9      | Noticed a boulder beetle
 18861 | D:9      | Noticed a deep elf pyromancer
 19051 | D:9      | Killed a deep elf pyromancer
 19573 | Lair:1   | Entered Level 1 of the Lair of Beasts
 19598 | Lair:1   | Offered knowledge of Inner Flame by Vehumet.
 21161 | Lair:1   | Noticed a lindwurm
 21221 | Lair:1   | Killed a lindwurm
 21873 | Lair:1   | Reached skill level 5 in Translocations
 22001 | Lair:1   | Reached *** piety under Vehumet
 22767 | Lair:2   | Learned a level 4 spell: Fulminant Prism
 22773 | Lair:2   | Learned a level 5 spell: Lightning Bolt
 22778 | Lair:2   | Learned a level 4 spell: Airstrike
 23111 | Lair:2   | Reached skill level 1 in Air Magic
 23111 | Lair:2   | Reached XP level 12. HP: 72/72 MP: 17/24
 24285 | Lair:2   | Reached skill level 12 in Conjurations
 24290 | Lair:2   | Noticed a seven-headed hydra
 24291 | Lair:2   | Identified the +2 leather armour of the Catfish {rElec
                  | Str+5}
 24775 | Lair:2   | Killed a seven-headed hydra
 25350 | Lair:3   | Noticed Rupert
 25417 | Lair:3   | Noticed Sonja
 25420 | Lair:3   | Killed Sonja
 26514 | Lair:3   | Noticed Snorg
 26545 | Lair:2   | Demolished by Snorg

Illustrated notes

Levels and vault maps discovered:
D:1:      wheals_arrival_shading, layout_rooms,
          shapermc_ecumenical_altar_starsandcircs
D:2:      layout_rooms, basic_altar
D:3:      gammafunk_steamed_eel, layout_loops_cross
D:4:      layout_basic, nicolae_ossuary_entry_false_entrances, minivault_25,
          uniq_edmund
D:5:      layout_basic, minmay_temple_entry_grid, minmay_ruined_shrine,
          uniq_grinder, uniq_prince_ribbit1, uniq_duvessa, uniq_sigmund
D:6:      layout_cave_pools, nicolae_overflow_hidden_temple,
          gammafunk_temple_overflow_pools, nrook_uturn, hex_large
D:7:      layout_gridville, serial_undead, serial_undead_c, serial_undead_b,
          serial_undead_e, serial_undead_f, serial_undead_c, serial_undead_c,
          serial_shops, shop, minmay_unpleasant_kobolds
D:8:      layout_cave_pods, uniq_pikel
D:9:      minmay_diamond_stairs, layout_cave_pods, overflow_temple_1_default,
          dpeg_lair_monsters, serial_column_ruins, column_ruins_hut_pillars,
          column_ruins_grid_1, column_ruins_columns_straight,
          column_ruins_columns_straight, column_ruins_open_tiny,
          column_ruins_columns_straight, column_ruins_grid_4, uniq_erolcha
Temple:   compressed_dpeg_circular_temple
Lair:1:   layout_cave_pods, chequers_serial_rivers_micro_a, st_stairs_11,
          grunt_megastairs_5
Lair:2:   layout_long_grid, st_stairs_3, nicolae_quartered_pool_super
Lair:3:   layout_hall_layers, palyth_hydra_swamp_entry, uniq_snorg, uniq_rupert,
          uniq_sonja

Skill      XL: |  1  2  3  4  5  6  7  8  9 10 11 12 |
---------------+-------------------------------------+-----
Conjurations   | 6 7 8 9 10 11 12 | 12.2
Fighting       | 1 2 3 5 6 7 |  7.8
Dodging        | 3 4 5 6 7 8 9 |  9.1
Translocations | 1 2 3 4 5 |  5.0
Stealth        | 3 4 5 6 7 8 |  8.9
Spellcasting   | 3 4 5 6 7 |  7.8
Hexes          | 1 2 3 |  3.0
Throwing       | 2 3 |  3.0
Air Magic      | 1 3 |  3.4

Action                   |  1- 3 |  4- 6 |  7- 9 | 10-12 || total
-------------------------+-------+-------+-------+-------++-------
Melee: Dagger            |       |     6 |     5 |       ||    11
       Peck              |       |     2 |     5 |     4 ||    11
       Kick              |       |     1 |     4 |     6 ||    11
       Spear             |       |       |    26 |       ||    26
       Short sword       |       |       |       |    17 ||    17
       Staff             |       |       |       |    10 ||    10
Throw: Dart              |       |     8 |     7 |     7 ||    22
 Cast: Magic Dart        |    42 |   111 |   143 |   201 ||   497
       Searing Ray       |       |     8 |    36 |    80 ||   124
       Iskenderun's Myst |       |       |       |    19 ||    19
       Dazzling Flash    |       |       |       |     2 ||     2
       Airstrike         |       |       |       |     5 ||     5
       Lightning Bolt    |       |       |       |     2 ||     2
       Fulminant Prism   |       |       |       |     2 ||     2
Evoke: Wand              |       |       |     1 |    18 ||    19
  Use: Scroll            |       |     6 |     9 |    15 ||    30
       Potion            |       |     1 |     2 |     3 ||     6
 Stab: Invisible         |       |       |       |     1 ||     1
Armor: Robe              |       |    12 |    21 |    32 ||    65
       Skin              |       |       |     6 |       ||     6
Dodge: Dodged            |       |    22 |    82 |   199 ||   303

Table legend: (Time is in decaauts)
 A = Elapsed time spent in this place.
 B = Non-inter-level travel time spent in this place.
 C = Inter-level travel time spent in this place.
 D = Time resting spent in this place.
 E = Time spent auto-exploring this place.
 F = Levels seen in this place.
 G = Mean time per level.
                   A        B        C        D        E       F      G
               +--------+--------+--------+--------+--------+-----+--------+
         Total |  25828 |  25367 |    461 |  15802 |   6391 |  13 | 1986.8 |
       Dungeon |  18930 |  18537 |    393 |  11427 |   4997 |   9 | 2103.3 |
        Temple |    148 |    116 |     32 |      0 |    110 |   1 |  148.0 |
          Lair |   6749 |   6714 |     35 |   4375 |   1283 |   3 | 2249.7 |
               +--------+--------+--------+--------+--------+-----+--------+

Top non-repeatable levels by time:
     D:5: 3689 daAuts
     D:8: 3196 daAuts
  Lair:2: 2906 daAuts
  Lair:1: 2888 daAuts
     D:7: 2446 daAuts
     D:3: 2445 daAuts
     D:4: 1945 daAuts
     D:9: 1856 daAuts
     D:6: 1611 daAuts
  Lair:3: 955 daAuts
     D:1: 947 daAuts
     D:2: 792 daAuts
  Temple: 148 daAuts
